AoeStats
← Gregol

MegaRandom

509777869Analyzed
2v2 RM · 4d ago on Sep 28, 2026· 67m 53s· 4 players
Game mode
Random Map
Map size
Medium (4 player)
Population
200
Speed
Normal
Resources
Standard
Victory
Conquest
Starting age
Dark Age
Ending age
Imperial Age
RankedLock teamsTeams togetherTeam positionsShared explorationLock speedFull tech treeHidden civsTurbo modeCheats
Victory
Defeat
🇦🇷 Britons · Argentina
1056
+10
🇦🇷 Spanish · Argentina
670
+26
🇺🇸 Tupi · United States
923
-19
🇺🇸 Varangians · United States
878
-17
Gregol
11:17 Feudal Age
13:26 Loom
18:58 Castle Age
17:43 Wheelbarrow
20:28 Bloodlines
22:30 Scale Barding Armor
22:37 Forging
22:36 Husbandry
22:37 Horse Collar
23:49 Double-Bit Axe
23:43 Pikeman
27:45 Hand Cart
28:16 Iron Casting
28:01 Chain Barding Armor
34:08 Chain Barding Armor
42:57 Imperial Age
43:22 Cavalier
44:33 Capped Ram
46:37 Elite Conquistador
51:39 Siege Ram
56:41 Paladin
58:31 Blast Furnace
58:06 Plate Barding Armor
59:55 Gold Mining
59:55 Stone Mining
is+
0:36 Loom
9:01 Feudal Age
10:33 Wheelbarrow
9:44 Town Watch
17:01 Castle Age
17:14 Double-Bit Axe
17:13 Horse Collar
23:02 Bow Saw
22:48 Fletching
22:21 Crossbowman
25:41 Hand Cart
27:29 Bodkin Arrow
28:15 Ballistics
29:28 Gold Mining
29:29 Stone Mining
29:50 Padded Archer Armor
35:33 Imperial Age
34:12 Pikeman
34:52 Squires
34:38 Gambesons
35:16 Forging
36:45 Scale Mail Armor
38:58 Chain Mail Armor
39:48 Chemistry
40:04 Halberdier
41:44 Gold Shaft Mining
41:44 Bracer
43:10 Two-Man Saw
45:06 Leather Archer Armor
48:38 Yeomen
49:51 Iron Casting
49:32 Chain Mail Armor
49:48 Ring Archer Armor
51:36 Blast Furnace
52:21 Plate Mail Armor
54:19 Elite Longbowman
65:52 Capped Ram
AKX Is Undone
12:24 Loom
15:49 Feudal Age
16:45 Champi Runner
17:23 Arson
18:46 Forging
18:47 Scale Mail Armor
19:50 Fletching
22:57 Wheelbarrow
23:28 Horse Collar
26:10 Padded Archer Armor
26:05 Double-Bit Axe
26:21 Stone Mining
26:30 Gold Mining
30:56 Castle Age
32:14 Hand Cart
31:51 Town Watch
31:32 Champi Warrior
32:13 Squires
32:31 Bodkin Arrow
34:42 Iron Casting
38:13 Leather Archer Armor
38:15 Chain Mail Armor
38:17 Heavy Plow
38:49 Town Patrol
38:57 Town Patrol
42:36 Imperial Age
41:17 Pikeman
43:51 Conscription
44:00 Caciques
44:57 Curare
45:31 Halberdier
45:43 Elite Blackwood Archer
48:59 Ballistics
49:43 Chemistry
48:37 Guard Tower
48:34 Arrowslits
48:45 Murder Holes
50:05 Bracer
52:50 Ring Archer Armor
59:31 Keep
59:18 Halberdier
62:15 Bow Saw
62:56 Gold Shaft Mining
64:30 Elite Skirmisher
65:35 Treadmill Crane
Po bear8617
0:40 Loom
10:29 Feudal Age
10:33 Man-at-Arms
11:47 Town Watch
12:13 Double-Bit Axe
13:49 Wheelbarrow
14:27 Gold Mining
19:10 Castle Age
17:12 Horse Collar
20:11 Bloodlines
22:40 Heavy Plow
24:32 Vendel Legacy
27:42 Stone Mining
35:34 Imperial Age
36:00 Hand Cart
37:29 Crop Rotation
37:36 Conscription
38:14 Town Patrol
39:26 Fletching
39:36 Padded Archer Armor
39:37 Scale Mail Armor
39:48 Forging
39:54 Scale Barding Armor
40:14 Ballistics
39:44 Heated Shot
40:57 Chemistry
41:34 Stone Shaft Mining
41:53 Chain Barding Armor
42:16 Iron Casting
41:57 Chain Mail Armor
41:58 Leather Archer Armor
43:11 Gothikon
43:23 Cavalier
47:04 Light Cavalry
47:45 Husbandry
50:19 Bodkin Arrow
50:26 Long Swordsman
51:08 Squires
50:54 Gambesons
53:40 Caravan
54:07 Elite Varangian Guard
54:39 Arson
55:45 Elite Jarl
59:04 Two-Handed Swordsman
61:33 Bow Saw
Connection lost

Rejoining the realm…

Still unreachable

The connection could not be restored.

Session expired

The server has moved on; the page needs a fresh start.